PAAA
PHOENIX HOTSPUR RESERVES @ BAKERSFIELD NOBLES
07/28/2033
 
TOP OF THE 1ST
Phoenix Hotspur Reserves batting - Pitching for Bakersfield Nobles : RHP Darren Garland
Pitching: RHP Darren Garland
Batting: RHB Lopahin Davletyarov 0-0: Called Strike
0-1: Ball
1-1: Foul Ball, location: 2F
1-2: Ball
2-2: Reached on error, E4 (Groundball, 4S)
Batting: RHB Sinfronio Vitor 0-0: Called Strike
0-1: Ball
1-1: Ground out 4-3 (Groundball, 4)
Lopahin Davletyarov to third
Batting: RHB Martín Talia 0-0: Ball
1-0: Called Strike
1-1: Ground out 5-3 (Groundball, 25)
Lopahin Davletyarov scores
Batting: RHB Hieronymus Bosch 0-0: Called Strike
0-1: Ball
1-1: Ball
2-1: Foul Ball, location: 2F
2-2: Foul Ball, location: 2F
2-2: Strikes out looking
Top of the 1st over - 1 run, 0 hits, 1 error, 0 left on base; Phoenix 1 - Bakersfield 0
BOTTOM OF THE 1ST
Bakersfield Nobles batting - Pitching for Phoenix Hotspur Reserves : LHP José Santiago
Pitching: LHP José Santiago
Batting: RHB Juan Tellado 0-0: Foul Ball, location: 2F
0-1: Foul Ball, location: 2F
0-2: Fly out, F3 (Popup, 3SF)
Batting: RHB Terry Armstrong 0-0: Ball
1-0: Foul Ball, location: 2F
1-1: Ball
2-1: Called Strike
2-2: Ball
3-2: Fly out, F7 (Line Drive, 78D)
Batting: RHB Ulbert Sutkamp 0-0: Foul Ball, location: 2F
0-1: Swinging Strike
0-2: Strikes out swinging
Bottom of the 1st over - 0 runs, 0 hits, 0 errors, 0 left on base; Phoenix 1 - Bakersfield 0
TOP OF THE 2ND
Phoenix Hotspur Reserves batting - Pitching for Bakersfield Nobles : RHP Darren Garland
Batting: LHB Jason DeGeorge 0-0: Called Strike
0-1: Ground out 5-3 (Groundball, 56)
Batting: RHB Solomon Norment 0-0: Called Strike
0-1: Ball
1-1: Ball
2-1: Ball
3-1: Base on Balls
Batting: RHB José Souza 0-0: Ball
1-0: Ball
2-0: Called Strike
2-1: Called Strike
2-2: 2-RUN HOME RUN (Flyball, 7LD), Distance : 355 ft
Batting: RHB Germán Alfaro 0-0: Called Strike
0-1: Called Strike
0-2: Ball
1-2: Strikes out looking
Batting: RHB Francisco Arriagada 0-0: Called Strike
0-1: Ball
1-1: Fly out, F5 (Popup, 15)
Top of the 2nd over - 2 runs, 1 hit, 0 errors, 0 left on base; Phoenix 3 - Bakersfield 0
BOTTOM OF THE 2ND
Bakersfield Nobles batting - Pitching for Phoenix Hotspur Reserves : LHP José Santiago
Batting: RHB Ed Adams 0-0: Ball
1-0: SINGLE (Flyball, 78S)
Batting: RHB Omer Yurtseven 0-0: Ball
1-0: Foul Ball, location: 2F
1-1: Ball
2-1: Ball
3-1: Base on Balls
Ed Adams to second
Batting: RHB António Padilla 0-0: Called Strike
0-1: Ball
1-1: Foul Ball, location: 2F
1-2: Grounds into double play, 4-6-3 (Groundball, 34)
Ed Adams to third
Batting: SHB Edward Sterrenburg 0-0: Called Strike
0-1: Foul Ball, location: 2F
0-2: Strikes out swinging
Bottom of the 2nd over - 0 runs, 1 hit, 0 errors, 1 left on base; Phoenix 3 - Bakersfield 0
TOP OF THE 3RD
Phoenix Hotspur Reserves batting - Pitching for Bakersfield Nobles : RHP Darren Garland
Batting: RHB Lopahin Davletyarov 0-0: Ball
1-0: Swinging Strike
1-1: Called Strike
1-2: Foul Ball, location: 2F
1-2: Fly out, F8 (Flyball, 8RD)
Batting: RHB Sinfronio Vitor 0-0: Called Strike
0-1: Foul Ball, location: 2F
0-2: Ball
1-2: Fly out, F9 (Flyball, 9LSF)
Batting: RHB Martín Talia 0-0: Called Strike
0-1: Swinging Strike
0-2: Ball
1-2: SOLO HOME RUN (Line Drive, 78XD), Distance : 411 ft
Batting: RHB Hieronymus Bosch 0-0: Ball
1-0: Foul Ball, location: 2F
1-1: Ground out 4-3 (Groundball, 4)
Top of the 3rd over - 1 run, 1 hit, 0 errors, 0 left on base; Phoenix 4 - Bakersfield 0
BOTTOM OF THE 3RD
Bakersfield Nobles batting - Pitching for Phoenix Hotspur Reserves : LHP José Santiago
Batting: RHB Pedro Hernández 0-0: Ball
1-0: Fly out, F6 (Flyball, 56D)
Batting: RHB Yu-shu Kang 0-0: Fly out, F8 (Flyball, 8LD)
Batting: RHB Juan Tellado 0-0: Called Strike
0-1: Ball
1-1: Foul Ball, location: 2F
1-2: SINGLE (Groundball, 56D)
Batting: RHB Terry Armstrong 0-0: Ball
1-0: Ball
2-0: Foul Ball, location: 2F
2-1: Foul Ball, location: 2F
2-2: SINGLE (Flyball, 89S)
Juan Tellado to second
Runner from 2nd tries for 3rd, SAFE, no throw
Batting: RHB Ulbert Sutkamp 0-0: Called Strike
0-1: Swinging Strike
0-2: Foul Ball, location: 2F
0-2: Ball
1-2: Ball
2-2: Ball
3-2: Strikes out swinging
Bottom of the 3rd over - 0 runs, 2 hits, 0 errors, 2 left on base; Phoenix 4 - Bakersfield 0
TOP OF THE 4TH
Phoenix Hotspur Reserves batting - Pitching for Bakersfield Nobles : RHP Darren Garland
Batting: LHB Jason DeGeorge 0-0: Ball
1-0: Ball
2-0: Ball
3-0: Base on Balls
Batting: RHB Solomon Norment Balk!
Jason DeGeorge to second
0-0: Ball
1-0: Ball
2-0: 2-RUN HOME RUN (Flyball, 7LD), Distance : 341 ft
Batting: RHB José Souza 0-0: Called Strike
0-1: Ball
1-1: SINGLE (Flyball, 89S)
Pitching: LHP Eugene Clarkston
Batting: RHB Germán Alfaro 0-0: Ball
1-0: Ball
2-0: Ball
3-0: Base on Balls
José Souza to second
Batting: RHB Francisco Arriagada 0-0: Ball
1-0: Fly out, F6 (Line Drive, 6M)
Batting: RHB Lopahin Davletyarov 0-0: Ball
1-0: SINGLE (Groundball, 34D)
José Souza to third
Germán Alfaro to second
Batting: RHB Sinfronio Vitor 0-0: Called Strike
0-1: Ball
1-1: Ball
2-1: Swinging Strike
2-2: Strikes out swinging
Batting: RHB Martín Talia 0-0: Fly out, F8 (Flyball, 8RD)
Top of the 4th over - 2 runs, 3 hits, 0 errors, 3 left on base; Phoenix 6 - Bakersfield 0
BOTTOM OF THE 4TH
Bakersfield Nobles batting - Pitching for Phoenix Hotspur Reserves : LHP José Santiago
Batting: RHB Ed Adams 0-0: Ball
1-0: Ball
2-0: Called Strike
2-1: Ground out 6-3 (Groundball, 6MD)
Batting: RHB Omer Yurtseven 0-0: Called Strike
0-1: SINGLE (Groundball, 56D)
Batting: RHB António Padilla 0-0: Ball
1-0: Foul Ball, location: 2F
1-1: Ball
2-1: Called Strike
2-2: Ball
3-2: Base on Balls
Omer Yurtseven to second
Batting: SHB Edward Sterrenburg 0-0: Ball
1-0: SINGLE (Groundball, 34S) (infield hit)
Omer Yurtseven to third
António Padilla to second
Batting: RHB Pedro Hernández 0-0: Ball
1-0: Foul Ball, location: 2F
1-1: Called Strike
1-2: Ball
2-2: Foul Ball, location: 2F
2-2: Strikes out looking
Batting: RHB Yu-shu Kang 0-0: Ball
1-0: Fielders Choice at 2nd, 5-4 (Groundball, 5)
Bottom of the 4th over - 0 runs, 2 hits, 0 errors, 3 left on base; Phoenix 6 - Bakersfield 0
TOP OF THE 5TH
Phoenix Hotspur Reserves batting - Pitching for Bakersfield Nobles : LHP Eugene Clarkston
Batting: RHB Hieronymus Bosch 0-0: DOUBLE (Flyball, 8LXD)
Batting: LHB Jason DeGeorge 0-0: Called Strike
0-1: Ball
1-1: Ball
2-1: Foul Ball, location: 2F
2-2: Fly out, F5 (Popup, 5SF)
Batting: RHB Solomon Norment 0-0: Foul Ball, location: 2F
0-1: Foul Ball, location: 2F
0-2: Ground out 4-3 (Groundball, 4)
Hieronymus Bosch to third
Batting: RHB José Souza 0-0: Ball
1-0: Ball
2-0: Called Strike
2-1: Swinging Strike
2-2: Foul Ball, location: 2F
2-2: Ball
3-2: Fly out, F9 (Flyball, 9)
Top of the 5th over - 0 runs, 1 hit, 0 errors, 1 left on base; Phoenix 6 - Bakersfield 0
BOTTOM OF THE 5TH
Bakersfield Nobles batting - Pitching for Phoenix Hotspur Reserves : LHP José Santiago
Batting: RHB Juan Tellado 0-0: Ball
1-0: Foul Ball, location: 2F
1-1: SINGLE (Groundball, 56D)
Batting: RHB Terry Armstrong 0-0: Foul Ball, location: 2F
0-1: Foul Ball, location: 2F
0-2: Foul Ball, location: 2F
0-2: Ball
1-2: Ball
2-2: Foul Ball, location: 2F
2-2: SINGLE (Groundball, 6D)
Juan Tellado to second
Runner from 2nd tries for 3rd, SAFE, no throw
Batting: RHB Ulbert Sutkamp 0-0: Grounds into double play, 3-6-3 (Groundball, 34)
Juan Tellado scores
Batting: RHB Ed Adams 0-0: Fly out, F7 (Flyball, 7LSF)
Bottom of the 5th over - 1 run, 2 hits, 0 errors, 0 left on base; Phoenix 6 - Bakersfield 1
TOP OF THE 6TH
Phoenix Hotspur Reserves batting - Pitching for Bakersfield Nobles : LHP Eugene Clarkston
Pitching: RHP John Kaufman
Batting: RHB Germán Alfaro 0-0: Ball
1-0: Ball
2-0: Called Strike
2-1: Foul Ball, location: 2F
2-2: SINGLE (Groundball, 34D)
Batting: RHB Francisco Arriagada 0-0: Called Strike
0-1: Foul Ball, location: 2F
0-2: Ball
1-2: Grounds into double play, 5-4-3 (Groundball, 56)
Batting: RHB Lopahin Davletyarov 0-0: Ball
1-0: Ball
2-0: Ball
3-0: Called Strike
3-1: Base on Balls
Batting: RHB Sinfronio Vitor 0-0: Called Strike
Lopahin Davletyarov is caught stealing 2nd base
Top of the 6th over - 0 runs, 1 hit, 0 errors, 0 left on base; Phoenix 6 - Bakersfield 1
BOTTOM OF THE 6TH
Bakersfield Nobles batting - Pitching for Phoenix Hotspur Reserves : LHP José Santiago
Batting: RHB Omer Yurtseven 0-0: Ball
1-0: Ball
2-0: Called Strike
2-1: Ball
3-1: DOUBLE (Line Drive, 78D)
Batting: RHB António Padilla 0-0: Foul Ball, location: 2F
0-1: Ground out 6-3 (Groundball, 6)
Batting: SHB Edward Sterrenburg 0-0: SINGLE (Groundball, 34D)
Omer Yurtseven to third
Batting: RHB Pedro Hernández 0-0: Called Strike
0-1: Swinging Strike
0-2: Grounds into double play, 6-4-3 (Groundball, 6)
Bottom of the 6th over - 0 runs, 2 hits, 0 errors, 1 left on base; Phoenix 6 - Bakersfield 1
TOP OF THE 7TH
Phoenix Hotspur Reserves batting - Pitching for Bakersfield Nobles : RHP John Kaufman
Batting: RHB Sinfronio Vitor 0-0: Called Strike
0-1: Called Strike
0-2: Foul Ball, location: 2F
0-2: Fly out, F8 (Flyball, 8RD)
Batting: RHB Martín Talia 0-0: Ball
1-0: Swinging Strike
1-1: Ball
2-1: Fly out, F8 (Flyball, 89M)
Batting: RHB Hieronymus Bosch 0-0: Ball
1-0: Ground out 3-1 (Groundball, 34)
Top of the 7th over - 0 runs, 0 hits, 0 errors, 0 left on base; Phoenix 6 - Bakersfield 1
BOTTOM OF THE 7TH
Bakersfield Nobles batting - Pitching for Phoenix Hotspur Reserves : LHP José Santiago
Batting: RHB Yu-shu Kang 0-0: Swinging Strike
0-1: Called Strike
0-2: Ball
1-2: Foul Ball, location: 2F
1-2: Ball
2-2: Fly out, F3 (Popup, 3)
Batting: RHB Juan Tellado 0-0: DOUBLE (Line Drive, 9LM)
Batting: RHB Terry Armstrong 0-0: Ball
1-0: Ball
2-0: Ball
3-0: Called Strike
3-1: Base on Balls
Batting: RHB Ulbert Sutkamp 0-0: Swinging Strike
0-1: Called Strike
0-2: Ball
1-2: Ball
2-2: Foul Ball, location: 2F
2-2: Ball
3-2: Foul Ball, location: 2F
3-2: Ground out 3-1 (Groundball, 34)
Juan Tellado to third
Terry Armstrong to second
Batting: RHB Ed Adams 0-0: Called Strike
0-1: Called Strike
0-2: Foul Ball, location: 2F
0-2: Ball
1-2: Foul Ball, location: 2F
1-2: Ball
2-2: Fly out, F8 (Flyball, 8RD)
Bottom of the 7th over - 0 runs, 1 hit, 0 errors, 2 left on base; Phoenix 6 - Bakersfield 1
TOP OF THE 8TH
Phoenix Hotspur Reserves batting - Pitching for Bakersfield Nobles : RHP Ricardo Gómez
Pitching: RHP Ricardo Gómez
Batting: LHB Jason DeGeorge 0-0: SINGLE (Groundball, 6MD)
Batting: RHB Solomon Norment 0-0: Called Strike
0-1: Ball
1-1: Ball
2-1: Swinging Strike
2-2: Fly out, F4 (Line Drive, 4)
Batting: RHB José Souza 0-0: Ball
Jason DeGeorge steals 2nd base
1-0: Called Strike
1-1: Ball
2-1: Ball
3-1: Base on Balls
Batting: RHB Germán Alfaro 0-0: Ball
1-0: Swinging Strike
1-1: Swinging Strike
1-2: Ball
2-2: Foul Ball, location: 2F
2-2: Foul Ball, location: 2F
2-2: Strikes out looking
Batting: RHB Francisco Arriagada 0-0: Called Strike
0-1: Swinging Strike
0-2: Strikes out swinging
Top of the 8th over - 0 runs, 1 hit, 0 errors, 2 left on base; Phoenix 6 - Bakersfield 1
BOTTOM OF THE 8TH
Bakersfield Nobles batting - Pitching for Phoenix Hotspur Reserves : LHP José Santiago
Batting: RHB Omer Yurtseven 0-0: Ground out 4-3 (Groundball, 4)
Batting: RHB António Padilla 0-0: Ball
1-0: Foul Ball, location: 2F
1-1: Ball
2-1: Ground out 4-3 (Groundball, 4)
Batting: SHB Edward Sterrenburg 0-0: Reached on error, E3 (Groundball, 3)
Pitching: LHP Félix Rivera
Batting: RHB Pedro Hernández 0-0: Ball
1-0: Ball
2-0: Called Strike
2-1: Ball
3-1: Base on Balls
Edward Sterrenburg to second
Batting: RHB Yu-shu Kang 0-0: Swinging Strike
0-1: SINGLE (Groundball, 56D)
Edward Sterrenburg to third
Pedro Hernández to second
Runner from 3rd tries for Home, SAFE, no throw
Batting: RHB Juan Tellado 0-0: Called Strike
0-1: Foul Ball, location: 2F
0-2: Ball
1-2: Ball
2-2: SINGLE (Line Drive, 8LS)
Pedro Hernández to third
Yu-shu Kang to second
Runner from 3rd tries for Home, SAFE, no throw
Batting: RHB Terry Armstrong 0-0: Called Strike
0-1: Ball
1-1: Swinging Strike
1-2: Fly out, F9 (Flyball, 89M)
Bottom of the 8th over - 2 runs, 2 hits, 1 error, 2 left on base; Phoenix 6 - Bakersfield 3
TOP OF THE 9TH
Phoenix Hotspur Reserves batting - Pitching for Bakersfield Nobles : RHP Ricardo Gómez
Batting: RHB Lopahin Davletyarov 0-0: Ball
1-0: Swinging Strike
1-1: Foul Ball, location: 2F
1-2: Ball
2-2: Fly out, F3 (Line Drive, 3S)
Pitching: RHP Nésto Gago
Batting: RHB Sinfronio Vitor 0-0: Ground out 5-3 (Groundball, 56)
Batting: RHB Martín Talia 0-0: Ball
1-0: Foul Ball, location: 2F
1-1: Foul Ball, location: 2F
1-2: Ball
2-2: SINGLE (Groundball, 4D)
Batting: RHB Hieronymus Bosch 0-0: Ball
Martín Talia is caught stealing 2nd base
Top of the 9th over - 0 runs, 1 hit, 0 errors, 0 left on base; Phoenix 6 - Bakersfield 3
BOTTOM OF THE 9TH
Bakersfield Nobles batting - Pitching for Phoenix Hotspur Reserves : LHP Félix Rivera
Pitching: RHP Dylan Guérin
Batting: RHB Ulbert Sutkamp 0-0: Ball
1-0: Swinging Strike
1-1: Ball
2-1: Foul Ball, location: 2F
2-2: Foul Ball, location: 2F
2-2: Strikes out looking
Batting: RHB Ed Adams 0-0: Swinging Strike
0-1: Ball
1-1: SINGLE (Line Drive, 34)
Batting: RHB Omer Yurtseven 0-0: SINGLE (Groundball, 4MD)
Ed Adams to second
Pinch Hitting: LHB Melvin Castro 0-0: Called Strike
0-1: Called Strike
0-2: Foul Ball, location: 2F
0-2: Ball
1-2: Ground out 5-3 (Groundball, 56D)
Ed Adams to third
Omer Yurtseven to second
Batting: SHB Edward Sterrenburg 0-0: Ball
1-0: Fly out, F9 (Flyball, 9D)
Bottom of the 9th over - 0 runs, 2 hits, 0 errors, 2 left on base; Phoenix 6 - Bakersfield 3
Saturday, December 22nd, 2018 - OOTP Baseball 18.8 Build 76